 Dungeon Crawl Stone Soup version 0.29.0-4-gdea44cf6ec (webtiles) character file.

Game seed: 12139829623783876853

404 qw the Sneak (level 6, -3/38 HPs)
             Began as a Gargoyle Delver on Sept 10, 2022.
             Slain by an iguana (11 damage)
             ... on level 4 of the Dungeon.
             The game lasted 00:01:12 (3376 turns).

qw the Sneak (Gargoyle Delver)                      Turns: 3376, Time: 00:01:13

Health: -3/38      AC: 16    Str: 17    XL:     6   Next: 86%
Magic:  6/6        EV:  7    Int: 11    God:
Gold:   199        SH:  0    Dex: 11    Spells: 5/5 levels left

rFire   . . .      SeeInvis .   a - +2 hand axe (vamp)
rCold   . . .      Faith    .   (no shield)
rNeg    + . .      Spirit   .   k - +0 chain mail
rPois   inf        Reflect  .   c - +0 helmet
rElec   +          Harm     .   b - +0 cloak
rCorr   .          Rampage  .   (no gloves)
Will    .....                   (no boots)
Stlth   ..........              (no amulet)
HPRegen 0.12/turn               (no ring)
MPRegen 0.10/turn               (no ring)

@: no status effects
A: sickness immunity, AC +4, negative energy resistance 1, electricity
resistance, torment resistance 1, petrification resistance
a: no special abilities


You were on level 4 of the Dungeon.
You visited 1 branch of the dungeon, and saw 5 of its levels.

You collected 199 gold pieces.


Innate Abilities, Weirdness & Mutations

You are immune to sickness and miasma.
Your stone body is resilient. (AC +4)
You are immune to poison.
You resist negative energy. (rN+)
You are resistant to electric shocks. (rElec)
You are resistant to unholy torment.
You are immune to petrification.


   Skills:
 - Level 4.0 Fighting
 + Level 5.1 Axes
 - Level 0.3 Throwing
 - Level 3.6 Armour
 - Level 1.5 Dodging
 - Level 5.4 Stealth


You had 5 spell levels left.
You didn't know any spells.
Your spell library was empty.

Inventory:

Hand Weapons
 a - a +2 vampiric hand axe (weapon)
 i - a +0 flail
Armour
 b - a +0 cloak (worn)
 c - a +0 helmet (worn)
 k - a +0 chain mail (worn)
Wands
 g - a wand of digging (3)
Scrolls
 e - a scroll of identify
Potions
 f - 3 potions of haste

Dungeon Overview and Level Annotations

Branches:
Dungeon (5/15)
 Temple: D:4-7

Altars:
Sif Muna

Shops:
D:2 [


Message History

The gnoll barely misses you. The gnoll hits you but does no damage.
You slash the gnoll!
The gnoll is almost dead.
The gnoll hits you with a +0 halberd! The gnoll barely misses you.
3366 ||| DRINKING potion of heal wounds.
You feel much better. The gnoll misses you.
The gnoll hits you but does no damage.
You closely miss the gnoll.
The gnoll is almost dead.
The gnoll hits you but does no damage.
The gnoll hits you from afar with a +0 spear.
You barely miss the gnoll.
The gnoll is almost dead.
The gnoll barely misses you.
The gnoll hits you from afar with a +0 spear.
You barely miss the gnoll.
The gnoll is almost dead.
The gnoll hits you with a +0 halberd! The gnoll hits you but does no damage.
You closely miss the gnoll.
The gnoll is almost dead.
The gnoll hits you but does no damage. x2
You hit the gnoll but do no damage.
The gnoll is almost dead.
The gnoll hits you but does no damage. x2
You hit the gnoll.
You feel better.
You kill the gnoll!
The gnoll barely misses you.
Your Fighting skill increases to level 4!
You hit the iguana but do no damage. The iguana bites you!
The gnoll hits you but does no damage.
You hit the iguana but do no damage. The iguana closely misses you.
The gnoll hits you but does no damage.
You barely miss the iguana.
The iguana bites you but does no damage.
The gnoll closely misses you.
You slash the iguana!
The iguana is heavily wounded.
The iguana bites you but does no damage.
The gnoll closely misses you. The iguana bites you!
You die...

....%.........'.........'.......#
####.###....###.........####...##
#.##.....# #.......## ##....
#.##.###.# ##.....## ##(##
#.##.###.# ##...## #.# #........#
##'## #.# ####.###########.#####
#.# #.#.....).........# #.#
....######@##.###.# #.# ....
#l#...# #.# #....# #.g....# #.#
####.# ......## .# #.##..#
..###.. ##.# ## #..


You could see an iguana and a gnoll.

Vanquished Creatures
  A water moccasin (D:3)
  A necrophage (D:4)
  An orc priest (D:3)
  An iguana (D:4)
  3 gnolls (D:4)
  5 adders
  2 worms
  2 dart slugs
  15 orcs
  3 endoplasms
  2 giant cockroaches
  6 goblins
  10 hobgoblins
  2 jackals (D:3)
  4 quokkas
  2 ball pythons (D:3)
  7 bats
  6 frilled lizards
  4 kobolds
  3 rats
80 creatures vanquished.

Notes
Turn   | Place    | Note
-------+----------+-------------------------------------------
     0 | D:5      | qw the Gargoyle Delver began the quest for the Orb.
     0 | D:5      | Reached XP level 1. HP: 14/14 MP: 1/1
     0 | D:5      | 0 ||| qw: Version: 0.1-a-116-g5d60599
     0 | D:5      | 0 ||| qw: Game counter: 8380
     0 | D:5      | 0 ||| qw: Always use a shield: true
     0 | D:5      | 0 ||| qw: God list: Okawaru
     0 | D:5      | 0 ||| qw: Allow faded altars: false
     0 | D:5      | 0 ||| qw: Do Orc after D:15 true
     0 | D:5      | 0 ||| qw: Do second Lair branch before Depths: true
     0 | D:5      | 0 ||| qw: Lair rune preference: random
     0 | D:5      | 0 ||| qw: Plans: Normal
     0 | D:5      | 0 ||| PLANNING D:1-11
    40 | D:5      | 40 ||| READING scroll labelled DADIBR VIWNAE.
    41 | D:5      | 41 ||| DROPPING scroll of fog.
    42 | D:5      | 42 ||| DROPPING scroll of magic mapping.
    43 | D:5      | 43 ||| DROPPING scroll of fear.
   165 | D:3      | HP: 3/14 [adder (2)]
   168 | D:3      | Reached XP level 2. HP: 5/19 MP: 2/2
   409 | D:3      | 409 ||| UPGRADING to +0 ring mail.
   419 | D:3      | 419 ||| DROPPING +0 leather armour.
   441 | D:2      | Found Ydythrao's Armour Shoppe.
   587 | D:2      | 587 ||| SHOPLISTING +0 plate armour of willpower (360 gold,
                  | have 60).
   587 | D:2      | 587 ||| SHOPLISTING +3 chain mail of poison resistance (282
                  | gold, have 60).
   621 | D:1      | Reached skill level 3 in Axes
   683 | D:1      | Reached XP level 3. HP: 23/23 MP: 3/3
  1101 | D:1      | Found a faded altar of an unknown god.
  1297 | D:1      | 1297 ||| DROPPING +0 club.
  1302 | D:1      | 1302 ||| UPGRADING to +0 cloak.
  1307 | D:1      | 1307 ||| UPGRADING to +0 chain mail.
  1317 | D:1      | 1317 ||| DROPPING +0 ring mail.
  1318 | D:1      | 1318 ||| READING 3 scrolls labelled SUAJUMNIRCH.
  1319 | D:1      | 1319 ||| READING scroll labelled PYAMEA BEOBYIR.
  1320 | D:1      | 1320 ||| READING 2 scrolls of identify.
  1320 | D:1      | 1320 ||| IDENTIFYING emerald potion
  1432 | D:2      | Reached skill level 1 in Armour
  1637 | D:2      | 1637 ||| FLEEEEING.
  1641 | D:2      | 1641 ||| STAIRDANCE
  1690 | D:1      | 1690 ||| DRINKING 2 puce potions.
  1691 | D:1      | 1691 ||| READING 2 scrolls of identify.
  1691 | D:1      | 1691 ||| IDENTIFYING grey potion
  1692 | D:1      | 1692 ||| DROPPING potion of invisibility.
  1693 | D:1      | 1693 ||| DROPPING potion of flight.
  1863 | D:3      | 1863 ||| Stepping ~*~*~tactically~*~*~ (stealth).
  1878 | D:3      | Reached XP level 4. HP: 21/28 MP: 4/4
  2017 | D:3      | 2017 ||| Stepping ~*~*~tactically~*~*~ (stealth).
  2029 | D:3      | 2029 ||| SWAPPING to +2 vampiric hand axe.
  2030 | D:3      | 2030 ||| DROPPING +0 hand axe.
  2121 | D:3      | 2121 ||| Stepping ~*~*~tactically~*~*~ (hiding).
  2123 | D:3      | 2123 ||| Stepping ~*~*~tactically~*~*~ (hiding).
  2139 | D:3      | Reached XP level 5. HP: 28/32 MP: 5/5
  2172 | D:3      | 2172 ||| DROPPING +0 whip.
  2215 | D:3      | 2215 ||| Stepping ~*~*~tactically~*~*~ (stealth).
  2261 | D:3      | 2261 ||| Stepping ~*~*~tactically~*~*~ (hiding).
  2493 | D:3      | Noticed a water moccasin
  2517 | D:3      | Killed a water moccasin
  2518 | D:3      | Reached XP level 6. HP: 35/37 MP: 6/6
  2534 | D:3      | 2534 ||| Stepping ~*~*~tactically~*~*~ (stealth).
  2541 | D:3      | 2541 ||| Stepping ~*~*~tactically~*~*~ (hiding).
  2544 | D:3      | 2544 ||| Stepping ~*~*~tactically~*~*~ (stealth).
  2711 | D:3      | 2711 ||| UPGRADING to +0 helmet.
  2716 | D:3      | 2716 ||| READING scroll labelled UMAUKK QERI.
  2906 | D:4      | Found a shimmering blue altar of Sif Muna.
  2996 | D:4      | Reached skill level 3 in Armour
  3229 | D:4      | 3229 ||| Stepping ~*~*~tactically~*~*~ (stealth).
  3230 | D:4      | 3230 ||| Stepping ~*~*~tactically~*~*~ (stealth).
  3231 | D:4      | 3231 ||| Stepping ~*~*~tactically~*~*~ (stealth).
  3232 | D:4      | 3232 ||| Stepping ~*~*~tactically~*~*~ (stealth).
  3345 | D:4      | 3345 ||| Stepping ~*~*~tactically~*~*~ (hiding).
  3352 | D:4      | Paralysed by a gnoll for 3 turns
  3365 | D:4      | HP: 7/38 [gnoll/+0 halberd (11)]
  3366 | D:4      | 3366 ||| DRINKING potion of heal wounds.
  3373 | D:4      | HP: 7/38 [iguana (9)]
  3376 | D:4      | Slain by an iguana

Levels and vault maps discovered:
D:1:      amcnicky_arrival_underground_garden, layout_loops_ring,
          shapermc_ecumenical_altar_hornbeckon, chequers_serial_rivers_small_b
D:2:      layout_basic, serial_shops, nicolae_shop_stone
D:3:      minmay_octagon_keep, layout_basic, serial_park_tiny_pond, st_stairs_11
D:4:      layout_loops_corners, mainiacjoe_overflow_alcove_2,
          dk_yredelemnul_ordeal
D:5:      layout_rooms, kennysheep_potato

Skill      XL: |  1  2  3  4  5  6 |
---------------+-------------------+-----
Axes           | 2 3 4 5 |  5.1
Armour         | 1 2 3 |  3.6
Fighting       | 4 |  4.0
Throwing       | |  0.3
Dodging        | |  1.5
Stealth        | |  5.4

Action                   |  1- 3 |  4- 6 || total
-------------------------+-------+-------++-------
Melee: Hand axe          |    74 |   182 ||   256
       Punch             |     1 |     2 ||     3
Throw: Boomerang         |    26 |    26 ||    52
  Use: Scroll            |     5 |     1 ||     6
       Potion            |     1 |     1 ||     2
 Stab: Invisible         |     1 |       ||     1
Armor: Leather armour    |     5 |       ||     5
       Ring mail         |     3 |       ||     3
       Chain mail        |    29 |   128 ||   157
Dodge: Dodged            |    25 |    81 ||   106

Table legend:
 A = Non-vault XP
 B = Vault XP
 C = Vault XP percentage of total XP
 D = Non-vault monster count
 E = Vault monster count
 F = Vault count percentage of total count
                 A         B        C        D         E       F
            +---------+---------+-------+---------+---------+-------
      Total |     547 |      31 |   5.4 |      65 |      15 |  18.8
            +---------+---------+-------+---------+---------+-------
        D:1 |      17 |       0 |   0.0 |      11 |       0 |   0.0
        D:2 |      38 |       0 |   0.0 |      13 |       0 |   0.0
        D:3 |     297 |      31 |   9.5 |      30 |      15 |  33.3
        D:4 |     195 |       0 |   0.0 |      11 |       0 |   0.0
            +---------+---------+-------+---------+---------+-------
